 Dungeon Crawl Stone Soup version 0.31-a0-986-g5e6e4ef867 (webtiles) character file.

Game seed: 8396572853016998286

87442 octoduck the Severer (level 15, -3/190 HPs)
             Began as a Demonspawn Berserker on Nov 18, 2023.
             Was a High Priest of Trog.
             Slain by a white very ugly thing (19 damage)
             ... in an ice cave.
             The game lasted 01:39:28 (24258 turns).

octoduck the Severer (Demonspawn Berserker)        Turns: 24258, Time: 01:39:29

Health: -3/190     AC: 22    Str: 23    XL:     15   Next: 43%
Magic:  15/15      EV:  9    Int: 14    God:    Trog [*****.]
Gold:   1165       SH:  5    Dex: 13    Spells: 14/14 levels left

rFire   . . .        t - +7 executioner's axe (freeze)
rCold   + . .        (shield currently unavailable)
rNeg    . . .        H - +5 plate armour "Comidauxt" {Rampage Drain rPois}
rPois   +            (helmet restricted)
rElec   .            Z - +0 cloak
rCorr   .            T - +0 pair of gloves
SInv    .            h - +0 pair of boots
Will    +....        N - amulet of reflection Stlth
                     a - ring of protection from cold
HPRegen 2.51/turn    A - +4 ring of slaying
MPRegen 0.14/turn

%: reflection, rampage
@: berserking (expiring), studying Ranged Weapons, very quick
A: antennae 2, foul stench 2, powered by death 2, big brain 2
a: Renounce Religion, Berserk, Trog's Hand, Brothers in Arms


You were in an ice cave.
You worshipped Trog.
Trog was extremely pleased with you.
You visited 3 branches of the dungeon, and saw 21 of its levels.
You also visited: Bailey, Gauntlet and Ice Cave.

You collected 1593 gold pieces.
You spent 428 gold pieces at shops.

Inventory:

Hand Weapons
 t - a +7 executioner's axe of freezing (weapon)
 J - a +5 antimagic broad axe
 L - the +7 great mace "Undeadhunter" {deathbane, rN+}
   (You found it on level 5 of the Lair of Beasts)

   rN+:       It protects you from negative energy.
Missiles
 r - 21 poisoned darts
 u - 3 atropa-tipped darts
 y - 3 throwing nets
Armour
 h - a +0 pair of boots (worn)
 G - +0 fire dragon scales
 H - the +5 plate armour "Comidauxt" (worn) {Rampage Drain rPois}
   (You found it in a bailey)

   rPois:     It protects you from poison Drain: It drains your maximum health
   when unequipped.
   Rampage:   It bestows one free step when moving towards enemies.
 T - a +0 pair of gloves (worn)
 Z - a +0 cloak (worn)
Jewellery
 a - a ring of protection from cold (left hand)
 z - the ring of Stoicism {Fire rCorr Int+5}
   (You found it in a Gauntlet)

   [ring of fire]

   Fire:      It enhances your fire magic.
   Int+5:     It affects your intelligence (+5).
   rF+:       It protects you from fire.
   rC-:       It makes you vulnerable to cold.
   rCorr:     It protects you from acid and corrosion.
 A - a +4 ring of slaying (right hand)
 N - an amulet of reflection (around neck)
 Q - a ring of flight
 S - a ring of protection from fire
 W - a ring of willpower
 X - the ring "Vamalecw" {rN++ SInv}
   (You found it on level 14 of the Dungeon)

   [ring of see invisible]

   rN++:      It greatly protects you from negative energy.
   SInv:      It lets you see invisible.
Wands
 f - a wand of mindburst (17)
 g - a wand of roots (9)
 w - a wand of charming (17)
 C - a wand of polymorph (16)
 K - a wand of flame (19)
 M - a wand of digging (29)
Scrolls
 b - 3 scrolls of enchant armour
 j - 9 scrolls of teleportation
 k - 6 scrolls of fog
 p - 3 scrolls of immolation
 q - 2 scrolls of fear
 v - 6 scrolls of blinking
 B - a scroll of revelation
 D - a scroll of silence
 E - 7 scrolls of identify
 F - 2 scrolls of butterflies
 P - 2 scrolls of poison
 R - 2 scrolls of vulnerability
 V - a scroll of torment
Potions
 c - 5 potions of heal wounds
 e - 3 potions of ambrosia
 i - a potion of berserk rage
 m - 7 potions of curing
 n - 3 potions of attraction
 o - 3 potions of cancellation
 s - 2 potions of haste
 x - 2 potions of resistance
 O - a potion of might
 U - 2 potions of invisibility


   Skills:
 + Level 14.8 Fighting
 + Level 19.7 Axes
 - Level 8.3 Armour
 - Level 5.5 Dodging


You had 14 spell levels left.
You didn't know any spells.
Your spell library was empty.

Dungeon Overview and Level Annotations

Branches:
Dungeon (15/15)            Temple (1/1) D:4            Lair (5/5) D:8
 Shoals (0/4) Lair:2        Snake (0/4) Lair:2        Slime (0/5) Lair:5
    Orc (0/2) D:11         Vaults (0/5) D:13         Depths (0/4) D:15
 Bailey (visited)           IceCv (1/1)             Gauntlet (visited)

Altars:
Ashenzari
Cheibriados
Dithmenos
Fedhas
Gozag
Hepliaklqana
Kikubaaqudgha
Makhleb
Nemelex Xobeh
Okawaru
Qazlal
Ru
Sif Muna
Trog
Uskayaw
Vehumet
Wu Jian
Xom
Yredelemnul
Jiyva

Shops:
D:11 *

Annotations:
D:5 3 runed translucent doors, Moreman's ghost, novice DjSu
Lair:2 1 runed translucent door, jejorda2's ghost, journeyman GnBe


Innate Abilities, Weirdness & Mutations

You have a pair of antennae on your head.
You sometimes emit foul miasma when damaged in melee.
You regenerate health from kills.
You have an extremely huge brain. (Int +4)


Message History

The golden dragon simulacrum misses you.
The golden dragon simulacrum barely misses you.
The lindwurm simulacrum bites you but does no damage.
You block the lindwurm simulacrum's attack.
The lindwurm simulacrum completely misses you.
You completely miss the white very ugly thing.
The white very ugly thing is heavily wounded.
You slice the lindwurm simulacrum!!
The lindwurm simulacrum vaporises!
Trog accepts your kill.
You slice the golden dragon simulacrum!!
The golden dragon simulacrum vaporises!
Trog accepts your kill. The white very ugly thing pecks you!
* * * LOW HITPOINT WARNING * * *
The white very ugly thing freezes you!! You resist.
* * * LOW HITPOINT WARNING * * *
You emit a cloud of foul miasma!
You are too berserk!
You hit the white very ugly thing.
The white very ugly thing is heavily wounded.
The white very ugly thing is engulfed in dark miasma.
The white very ugly thing is poisoned.
The white very ugly thing completely misses you.
Press: ? - help, v - describe, . - travel
Here: a dire elephant simulacrum An ice choked empty arch of ancient stone.
Unknown command.
You slash the dire elephant simulacrum!
The dire elephant simulacrum is moderately damaged.
You slash the white very ugly thing! You slash the white very ugly thing!
The white very ugly thing is almost dead.
You slash the dire elephant simulacrum!
The white very ugly thing is engulfed in dark miasma.
The white very ugly thing looks even sicker.
The white very ugly thing pecks you!
* * * LOW HITPOINT WARNING * * *
The white very ugly thing freezes you!! You resist.
You die...

### ###...
#......
##.......
##........
#.......8.
#.u.......
#@Z......?
#°........
#.......8.
##........
##.......
#......
###... ###


You could see a white very ugly thing (very poisoned) and a dire elephant
simulacrum.

Vanquished Creatures
  An acid blob (Lair:5)
  A minotaur (Gauntlet)
  A fire dragon (D:13)
  A rakshasa (D:13)
  A caustic shrike simulacrum (IceCv)
  Harold (Lair:1)
  4 centaur warriors
  4 hydras
  6 boulder beetles
  16 death yaks
  3 two-headed ogres
  2 tengu warriors
  A sixfirhy (Gauntlet)
  3 skeletal warriors (D:14)
  2 skysharks (Lair:5)
  A glowing orange brain (Gauntlet)
  A goliath frog (Lair:5)
  A spectral hydra (Lair:4)
  2 deep elf pyromancers
  A lindwurm (Lair:5)
  An orc knight (Bailey)
  4 manticores
  4 ugly things
  3 cyclopes
  A moth of wrath (Gauntlet)
  A manticore (shapeshifter) (D:13)
  5 black mambas
  6 elephants (Lair:5)
  A gargoyle (D:8)
  25 cane toads
  14 komodo dragons
  2 rime drakes
  3 unseen horrors
  2 kobold demonologists (D:12)
  2 freezing wraiths (D:15)
  A rime drake (shapeshifter) (D:13)
  A golden dragon simulacrum (IceCv)
  A troll (D:8)
  3 meliai (D:14)
  A meliai (shapeshifter) (D:12)
  A polar bear (Lair:5)
  A hornet (D:8)
  A tyrant leech (Lair:5)
  25 blink frogs
  An alligator simulacrum (IceCv)
  2 shadows
  5 slime creatures
  Sigmund (D:5)
  3 wraiths
  40 yaks
  A vampire (D:13)
  8 wyverns
  2 basilisks
  A steam dragon (D:5)
  10 vampire mosquitoes
  2 wargs (D:11)
  A harpy simulacrum (IceCv)
  A hydra simulacrum (IceCv)
  2 acid dragons
  16 water moccasins
  2 black bears (D:6)
  An ettin simulacrum (IceCv)
  2 ice beasts
  21 orc warriors
  An ogre (D:4)
  15 wolves
  11 centaurs
  14 bullfrogs
  A gnoll sergeant (D:7)
  A cane toad simulacrum (Lair:4)
  2 scorpions (D:6)
  5 wights
  5 killer bees (D:8)
  A lindwurm simulacrum (IceCv)
  7 howler monkeys
  6 electric eels
  2 hounds
  2 jellies
  3 gnoll boudas
  7 orc priests
  A sleepcap (D:6)
  Terence (D:2)
  4 iguanas
  16 orc wizards
  20 gnolls
  7 adders
  2 white imps
  7 ufetubi
  A worm (D:2)
  3 dart slugs
  84 orcs
  3 bats
  4 endoplasms
  6 giant cockroaches
  11 goblins
  5 hobgoblins
  13 kobolds
  5 quokkas
  7 ball pythons
  3 frilled lizards
  5 rats
575 creatures vanquished.

Vanquished Creatures (collateral kills)
  2 acid blobs (Lair:5)
  3 hydras
  The ghost of Peulonen the Impaler, a journeyman TeDe of Hepliaklqana (Lair:4)
  A death yak (Lair:3)
  A glowing orange brain (Gauntlet)
  A spectral boulder beetle (Lair:4)
  A slime creature (Lair:5)
  2 yaks (Lair:3)
  A death yak simulacrum (Lair:4)
  A spectral cane toad (Lair:4)
  A spectral torpor snail (Lair:4)
  4 wolves (Lair:4)
  An orc (Bailey)
20 creatures vanquished.

Grand Total: 595 creatures vanquished

Notes
Turn   | Place    | Note
-------+----------+-------------------------------------------
     0 | D:1      | octoduck the Demonspawn Berserker began the quest for the
                  | Orb.
     0 | D:1      | Reached XP level 1. HP: 18/18 MP: 1/1
   120 | D:1      | Reached skill level 3 in Axes
   127 | D:1      | Gained mutation: You regenerate a little health from kills.
                  | [demonic ancestry]
   127 | D:1      | Reached XP level 2. HP: 7/24 MP: 2/2
   546 | D:1      | You fall into a shaft and drop 1 floor!
   582 | D:2      | Reached XP level 3. HP: 29/29 MP: 3/3
   639 | D:2      | Reached ** piety under Trog
   778 | D:2      | Noticed Terence
   786 | D:2      | Killed Terence
   787 | D:2      | Reached skill level 4 in Axes
   787 | D:2      | Reached XP level 4. HP: 37/37 MP: 4/4
  1477 | D:2      | Found a hazy altar of Hepliaklqana.
  2484 | D:2      | Identified a scroll of acquirement
  2484 | D:2      | Acquired the +1 helmet of the Thunderstorm {rF+ Will+}
  2920 | D:4      | Noticed an ogre
  2955 | D:4      | Killed an ogre
  2956 | D:4      | Gained mutation: You may rarely emit foul miasma when
                  | damaged in melee. [demonic ancestry]
  2956 | D:4      | Reached XP level 5. HP: 39/42 MP: 5/5
  3146 | D:4      | Reached skill level 5 in Axes
  3545 | D:4      | Gained mutation: You have an unusually large brain. (Int
                  | +2) [demonic ancestry]
  3545 | D:4      | Reached XP level 6. HP: 49/49 MP: 6/6
  3565 | D:4      | Found a staircase to the Ecumenical Temple.
  3576 | Temple   | Entered the Ecumenical Temple
  4082 | D:5      | Entered Level 5 of the Dungeon
  4367 | D:5      | Noticed a steam dragon
  4380 | D:5      | Killed a steam dragon
  4381 | D:5      | Reached skill level 6 in Axes
  4520 | D:5      | Gained mutation: You have an extremely huge brain. (Int +4)
                  | [demonic ancestry]
  4520 | D:5      | Reached XP level 7. HP: 41/55 MP: 7/7
  4711 | D:5      | Found a runed translucent gate.
  4712 | D:5      | Found a runed translucent gate.
  4712 | D:5      | Noticed Moreman's ghost (novice DjSu)
  4713 | D:5      | Found a runed translucent gate.
  4865 | D:5      | Noticed Sigmund
  4875 | D:5      | Killed Sigmund
  4876 | D:5      | Reached skill level 7 in Axes
  5542 | D:6      | Reached skill level 8 in Axes
  5631 | D:6      | Found a snail-covered altar of Cheibriados.
  5687 | D:6      | Gained mutation: You have a pair of small antennae on your
                  | head. [demonic ancestry]
  5687 | D:6      | Reached XP level 8. HP: 55/61 MP: 8/8
  6023 | D:6      | Reached skill level 9 in Axes
  6143 | D:6      | Reached *** piety under Trog
  6709 | D:5      | Reached skill level 10 in Axes
  7117 | D:7      | Found a flagged portal.
  7127 | Bailey   | Entered a bailey
  7249 | Bailey   | Reached XP level 9. HP: 55/66 MP: 9/9
  7384 | Bailey   | Reached skill level 11 in Axes
  7454 | Bailey   | Noticed an orc knight
  7481 | Bailey   | Killed an orc knight
  7555 | Bailey   | Found a large runed translucent door.
  7555 | Bailey   | Found a large runed translucent door.
  7556 | Bailey   | Noticed a deep elf pyromancer
  7609 | Bailey   | Killed a deep elf pyromancer
  7610 | Bailey   | Reached skill level 12 in Axes
  7633 | Bailey   | Identified the +5 plate armour "Comidauxt" {Rampage Drain
                  | rPois}
  8279 | D:6      | Reached skill level 13 in Axes
  8279 | D:6      | Gained mutation: You sometimes emit foul miasma when
                  | damaged in melee. [demonic ancestry]
  8279 | D:6      | Reached XP level 10. HP: 50/73 MP: 10/10
  8894 | D:8      | Found a staircase to the Lair.
  9053 | D:8      | Reached skill level 5 in Fighting
  9122 | D:7      | Reached **** piety under Trog
  9393 | D:8      | Found a stormy altar of Qazlal.
  9457 | D:8      | Noticed a manticore
  9460 | D:8      | Reached skill level 14 in Axes
  9462 | D:8      | Noticed a gargoyle
  9468 | D:8      | Killed a manticore
  9620 | D:9      | Found a radiant altar of Vehumet.
  9815 | D:9      | Found a burning altar of Makhleb.
 10154 | D:9      | Found a sparkling altar of Nemelex Xobeh.
 10173 | D:10     | Entered Level 10 of the Dungeon
 10309 | D:10     | Found a hazy altar of Hepliaklqana.
 10383 | D:10     | Reached XP level 11. HP: 62/83 MP: 11/11
 10718 | D:10     | Reached ***** piety under Trog
 11276 | D:11     | Reached skill level 15 in Axes
 11276 | D:11     | Found Zoguinut's Gadget Gallery.
 11447 | D:11     | Bought a wand of digging (6) for 428 gold pieces
 11959 | D:11     | Found a staircase to the Orcish Mines.
 12187 | D:12     | Noticed a boulder beetle
 12325 | D:8      | Noticed a tengu warrior
 12360 | D:8      | Noticed a centaur warrior
 12441 | D:8      | Killed a centaur warrior
 12465 | D:8      | Found a blossoming altar of Fedhas.
 12835 | Gauntlet | Identified the of Seus
 12835 | Lair:1   | Entered Level 1 of the Lair of Beasts
 12858 | Lair:1   | Reached skill level 16 in Axes
 13063 | Lair:1   | Found a gate leading to a gauntlet.
 13081 | Gauntlet | Entered a Gauntlet
 13081 | Gauntlet | Found a transporter.
 13081 | Gauntlet | Found a transporter.
 13157 | Gauntlet | Found a transporter.
 13162 | Gauntlet | Found a runed translucent door.
 13170 | Gauntlet | Found a transporter.
 13170 | Gauntlet | Found a transporter.
 13170 | Gauntlet | Found a transporter.
 13170 | Gauntlet | Noticed a sixfirhy
 13172 | Gauntlet | Found a transporter.
 13172 | Gauntlet | Found a transporter.
 13174 | Gauntlet | Noticed a wretched star
 13185 | Gauntlet | Found a transporter.
 13199 | Gauntlet | Noticed a death drake
 13200 | Gauntlet | Found a transporter.
 13207 | Gauntlet | Noticed a brown ugly thing
 13210 | Gauntlet | Found a transporter.
 13210 | Gauntlet | Noticed a glowing orange brain
 13210 | Gauntlet | Noticed a glowing orange brain
 13226 | Gauntlet | Found a transporter.
 13244 | Gauntlet | Found a transporter.
 13256 | Gauntlet | Found a transporter.
 13365 | Gauntlet | Reached skill level 5 in Armour
 13365 | Gauntlet | Killed a sixfirhy
 13366 | Gauntlet | Gained mutation: You regenerate health from kills. [demonic
                  | ancestry]
 13366 | Gauntlet | Reached XP level 12. HP: 91/91 MP: 12/12
 13444 | Gauntlet | Identified the ring of Stoicism {Fire rCorr Int+5}
 13469 | Gauntlet | Noticed a minotaur
 13481 | Gauntlet | Killed a minotaur
 13574 | Gauntlet | Identified the +1 spear of Zael Bua {flame, *Corrode rElec
                  | Stlth+}
 14117 | Lair:1   | Reached skill level 17 in Axes
 15204 | Lair:2   | Found a staircase to the Shoals.
 15267 | Lair:2   | Found a staircase to the Snake Pit.
 15313 | Lair:2   | Received a gift from Trog
 15539 | Lair:2   | Found a runed translucent door.
 15539 | Lair:2   | Noticed jejorda2's ghost (journeyman GnBe)
 15697 | Lair:2   | Noticed Harold
 15841 | Lair:1   | Killed Harold
 16122 | Lair:3   | Noticed a death yak
 16123 | Lair:3   | Noticed a death yak
 16268 | Lair:3   | Noticed a death yak
 16298 | Lair:3   | Noticed a death yak
 16304 | Lair:3   | Noticed a death yak
 16311 | Lair:3   | Killed a death yak
 16313 | Lair:3   | Killed a death yak
 16320 | Lair:3   | Killed a death yak
 16321 | Lair:3   | Reached XP level 13. HP: 100/100 MP: 13/13
 16422 | Lair:3   | Reached skill level 5 in Dodging
 17583 | Lair:4   | Reached skill level 10 in Fighting
 18112 | Lair:4   | Found a runed translucent gate.
 18112 | Lair:4   | Found a runed translucent gate.
 18649 | Lair:5   | Entered Level 5 of the Lair of Beasts
 19035 | Lair:4   | Found a runed translucent gate.
 19035 | Lair:4   | Noticed Peulonen's ghost (journeyman TeDe)
 19256 | Lair:4   | Killed Peulonen's ghost
 19257 | Lair:4   | Gained mutation: You have a pair of antennae on your head.
                  | [demonic ancestry]
 19257 | Lair:4   | Reached XP level 14. HP: 105/113 MP: 14/14
 19346 | Lair:5   | Reached skill level 18 in Axes
 19852 | Lair:5   | Found a runed translucent door.
 19852 | Lair:5   | Found a viscous altar of Jiyva.
 19852 | Lair:5   | Noticed an acid blob
 19853 | Lair:5   | Found a staircase to the Slime Pits.
 19853 | Lair:5   | Noticed an acid blob
 19853 | Lair:5   | Noticed an acid blob
 20068 | Lair:5   | Found the +7 great mace "Undeadhunter" {deathbane, rN+}
 20637 | Lair:5   | Received a gift from Trog
 21584 | Lair:5   | Killed an acid blob
 21587 | Lair:5   | Killed an acid blob
 21594 | Lair:5   | Killed an acid blob
 21595 | Lair:5   | Reached skill level 19 in Axes
 22465 | D:12     | Reached XP level 15. HP: 125/125 MP: 5/15
 23426 | D:13     | Received a gift from Trog
 23441 | D:13     | Found a gate to the Vaults.
 23973 | D:14     | Identified the ring "Vamalecw" {rN++ SInv}
 24167 | D:15     | Entered Level 15 of the Dungeon
 24182 | D:15     | Found a frozen archway.
 24241 | IceCv    | Entered an ice cave
 24258 | IceCv    | Slain by a white very ugly thing

Illustrated notes

Levels and vault maps discovered:
D:1:      wheals_arrival_linesprint, layout_basic, serial_bayou_ford_a
D:2:      layout_loops_ring, basic_altar, uniq_terence
D:3:      layout_basic
D:4:      layout_cave_pods, minmay_temple_entry_hall
D:5:      layout_gridville, gammafunk_ghost_nasty_kobolds, nicolae_tricolors,
          uniq_sigmund
D:6:      minmay_flawed_box, layout_rooms, kennysheep_slug_shrine
D:7:      layout_basic, enter_bailey_3, serial_corexii_hall,
          corexii_hall_statues_l, chequers_hall_statues_corner_a,
          corexii_hall_statues_s, serial_bayou_lake_a
D:8:      minmay_the_grid_plus [minmay_the_grid_holed_spiral,
          minmay_the_grid_spikes, minmay_the_grid_doors,
          minmay_the_grid_stretched_grid,
          minmay_the_grid_prize_shrinking_boxes], layout_basic,
          mainiacjoe_overflow_alcove_4, fedhas_bush_and_centaur_altar
D:9:      layout_basic, nicolae_vehumet_radiance, nemelex_diamond_rough_becter,
          bloody_makhleb
D:10:     layout_roguey [special_room_orc], lemuel_tele_altar,
          nicolae_elyvilon_peaceful_grove, special_room [special_room_orc],
          nicolae_twisting_strands
D:11:     layout_loops_cross, minmay_orc_entry_guard_dogs, special_room
          [special_room_orc], nicolae_shop_gadgets
D:12:     layout_cave_pools
D:13:     nicolae_hitomezashi [nicolae_hito_row, nicolae_hito_row,
          nicolae_hito_row, nicolae_hito_row, nicolae_hito_row,
          nicolae_hito_row, nicolae_hito_row, nicolae_hito_row,
          nicolae_hito_row, nicolae_hito_row, nicolae_hito_row,
          nicolae_hito_row, nicolae_hito_row, nicolae_hito_row,
          nicolae_hito_row, nicolae_hito_row, nicolae_hito_row,
          nicolae_hito_row], layout_loops_cross, david_vaults_4
D:14:     layout_big_octagon, grunt_decor_one_mirror
D:15:     gammafunk_depths_entry_grave, layout_rooms, enter_trove_3,
          portal_ice_cave_entry_frozen_things, uniq_roxanne, uniq_josephine
Temple:   eino_temple_lava
Lair:1:   layout_layer_cave, gauntlet_entry_generic
Lair:2:   layout_loops_ring, minmay_shoals_entry_centaurs, dummy_snake_entry,
          hellmonk_ghost_happy_afterlife, uniq_harold
Lair:3:   layout_regular_city, minivault_19
Lair:4:   layout_long_grid, serial_forest, infiniplex_forest_diagonal,
          infiniplex_forest_lined_2, infiniplex_forest_clump_long,
          infiniplex_forest_clump_medium, infiniplex_forest_pool,
          infiniplex_forest_fountain, infiniplex_forest_clump_double,
          infiniplex_forest_lined_3_way, infiniplex_forest_clump_tiny,
          infiniplex_forest_clump_medium, gammafunk_ghost_necromancy,
          lemuel_fruit_fields
Lair:5:   minmay_lair_end_frog_pond, layout_misc_corridors, slime_entry_2,
          serial_bayou_pond_d, infiniplex_staircase_pool_2
IceCv:    ice_cave_statue_garden_transporter

Skill      XL: |  1  2  3  4  5  6  7  8  9 10 11 12 13 14 15 |
---------------+----------------------------------------------+-----
Axes           | 3 4 5 6 8 10 13 14 16 17 19 | 19.7
Fighting       | 4 6 7 8 11 13 14 | 14.8
Armour         | 5 7 8 |  8.3
Dodging        | 4 5 |  5.5

Action                     |  1- 3 |  4- 6 |  7- 9 | 10-12 | 13-15 || total
---------------------------+-------+-------+-------+-------+-------++-------
  Melee: Hand axe          |   131 |   162 |   312 |       |       ||   605
         War axe           |       |       |   124 |   651 |   551 ||  1326
         Mace              |       |       |       |       |    46 ||    46
         Broad axe         |       |       |       |       |   170 ||   170
         Battleaxe         |       |       |       |       |    15 ||    15
         Executioner's axe |       |       |       |       |   114 ||   114
  Throw: Dart              |       |       |    10 |     1 |     4 ||    15
 Invoke: Berserk           |     2 |     2 |     4 |     5 |     6 ||    19
         Trog's Hand       |       |     1 |     4 |     3 |     1 ||     9
         Brothers in Arms  |       |       |       |     2 |     7 ||     9
  Evoke: Wand              |       |       |     3 |       |     4 ||     7
    Use: Scroll            |       |    13 |     6 |    14 |     8 ||    41
         Potion            |       |       |       |     1 |     1 ||     2
   Stab: Distracted        |       |     1 |       |       |     1 ||     2
 Armour: Animal skin       |    77 |     5 |       |       |       ||    82
         Ring mail         |       |    83 |   207 |       |       ||   290
         Plate armour      |       |       |    77 |   372 |   664 ||  1113
  Dodge: Dodged            |    62 |    52 |   181 |   117 |   223 ||   635
  Block: Buckler           |    16 |    34 |   137 |   229 |   308 ||   724
         Reflection        |       |       |       |     6 |    14 ||    20
         Other             |       |       |       |       |    58 ||    58

Table legend: (Time is in decaauts)
 A = Elapsed time spent in this place.
 B = Non-inter-level travel time spent in this place.
 C = Inter-level travel time spent in this place.
 D = Time resting spent in this place.
 E = Time spent auto-exploring this place.
 F = Levels seen in this place.
 G = Mean time per level.
                   A        B        C        D        E       F      G
               +--------+--------+--------+--------+--------+-----+--------+
         Total |  24167 |  21682 |   2485 |   5161 |   9809 |  24 | 1007.0 |
       Dungeon |  14740 |  12955 |   1785 |   2573 |   6440 |  15 |  982.7 |
        Temple |      1 |      1 |      0 |      0 |      0 |   1 |    1.0 |
          Lair |   8287 |   7587 |    700 |   2318 |   3085 |   5 | 1657.4 |
        Bailey |    568 |    568 |      0 |    188 |     48 |   1 |  568.0 |
      Ice Cave |     12 |     12 |      0 |      0 |      0 |   1 |   12.0 |
      Gauntlet |    557 |    557 |      0 |     81 |    236 |   1 |  557.0 |
               +--------+--------+--------+--------+--------+-----+--------+

Top non-repeatable levels by time:
  Lair:4: 2495 daAuts
     D:6: 2045 daAuts
  Lair:1: 1705 daAuts
  Lair:5: 1631 daAuts
  Lair:3: 1445 daAuts
     D:8: 1308 daAuts
     D:4: 1284 daAuts
     D:1: 1158 daAuts
     D:5: 1145 daAuts
    D:10: 1122 daAuts
     D:7: 1113 daAuts
  Lair:2: 1009 daAuts
    D:11: 995 daAuts
     D:3: 928 daAuts
     D:2: 926 daAuts
